Map: Para Site LE

Players

Baramir

  • Race: Zerg Zerg
  • Spawn Location: 5:00

IlIlIllIlIlI - Winner!

  • Race: Zerg Zerg
  • League: Gold
  • Spawn Location: 11:00

VOD

Have the link to the VOD?

Description

Time

  • Played on: Jan. 17, 2019, 3:40 p.m.
  • Length: 10:15
Show
View Real Time Build Order
Export as new Build Order

Baramir Zerg 

Build Orders: Pool First 

Get SALT Encoding   

  12  0:33  Spawning Pool  
  11  0:37  Evolution Chamber  
  11  0:38  Drone  
  11  0:39  Drone  
  12  0:53  Extractor  
  11  0:58  Drone  
  11  1:03  Extractor  
  11  1:11  Overlord  
  11  1:12  Drone  
  12  1:20  Zergling x2  
  13  1:31  Queen  
  15  1:53  Zergling x2  
  15  1:54  Zergling x4  
  18  2:05  Overlord  
  18  2:16  Zergling x2  
  18  2:22  Metabolic Boost  
  19  2:38  Zergling x2  
  19  2:39  Zergling x2  
  21  2:55  Hatchery  
  20  3:07  Zergling x4  
  20  3:10  Drone  
  22  3:26  Drone  
  22  3:34  Drone  
  22  3:35  Drone x2  
  25  3:45  Drone  
  26  3:52  Drone  
  27  4:06  Drone  
  27  4:07  Zergling x2  
  29  4:14  Roach Warren  
  25  4:38  Zergling x4  
  25  4:39  Zergling x6  
  25  4:42  Drone  
  25  4:43  Drone x2  
  27  5:05  Zerg Melee Weapons Level 1  
  27  5:09  Roach x3  
  33  5:34  Roach  
  33  5:35  Zergling x2  
  36  5:49  Overlord x3  
  36  6:06  Queen  
  38  6:14  Lair  
  38  6:25  Extractor  
  30  6:35  Drone x3  
  25  6:42  Queen  
  27  6:59  Zerg Missile Weapons Level 1, Zergling x4  
  29  7:14  Zergling x8  
  33  7:21  Spine Crawler  
  32  7:25  Zergling x2  
  32  7:26  Zergling x2  
  34  7:40  Zergling x2  
  34  7:41  Zergling x4  
  37  7:57  Spine Crawler  
  15  8:15  Zergling x4  
  15  8:16  Zergling x8  
  20  8:24  Roach  
  22  8:31  Spawning Pool  
  21  8:53  Drone x3  
  24  9:00  Evolution Chamber  
  23  9:14  Drone x3  
  26  9:21  Zergling x2  
  27  9:32  Zergling x6  
  30  9:42  Spine Crawler  
  24  9:45  Spine Crawler  
Show
View Real Time Build Order
Export as new Build Order

IlIlIllIlIlI Zerg - Winner!

Build Orders: Pool First 

Get SALT Encoding   

  12  0:01  Drone  
  13  0:08  Drone  
  14  0:15  Extractor  
  14  0:16  Drone  
  14  0:24  Overlord  
  14  0:44  Spawning Pool  
  14  0:45  Drone  
  14  0:47  Drone  
  15  0:51  Drone  
  16  1:03  Drone  
  17  1:22  Hatchery  
  16  1:31  Zergling x4  
  18  1:34  Zergling x2  
  19  1:44  Queen  
  21  1:52  Metabolic Boost  
  21  2:00  Overlord  
  21  2:10  Drone  
  22  2:19  Drone x2  
  24  2:33  Drone  
  24  2:34  Queen  
  27  2:38  Drone x2  
  29  2:49  Drone  
  30  3:02  Overlord  
  30  3:26  Drone x3  
  33  3:27  Drone x3  
  33  3:42  Baneling Nest  
  33  3:48  Zergling x4  
  33  3:52  Zergling x4  
  36  3:57  Hatchery  
  36  4:00  Zergling x2  
  36  4:03  Overlord  
  36  4:15  Zergling x2  
  36  4:16  Zergling x6  
  25  4:32  Zergling x2  
  25  4:33  Zergling x18  
  31  4:57  Zergling x4  
  31  4:58  Zergling x10  
  38  5:06  Drone, Extractor  
  38  5:09  Drone x3  
  38  5:13  Queen  
  43  5:16  Overlord  
  43  5:20  Lair  
  43  5:25  Zergling x4  
  43  5:28  Baneling x2  
  45  5:30  Baneling  
  45  5:32  Baneling x3  
  45  5:33  Baneling x4  
  45  5:34  Baneling  
  45  5:35  Drone  
  46  5:38  Drone  
  47  5:47  Drone  
  47  5:48  Drone  
  49  6:01  Drone x4  
  53  6:05  Drone x3  
  53  6:06  Drone  
  57  6:13  Zergling x2  
  57  6:16  Overlord  
  57  6:17  Overlord  
  58  6:24  Zergling x6  
  55  6:32  Centrifical Hooks  
  52  6:48  Zergling x16  
  60  6:57  Zergling x4  
  62  7:02  Baneling x2  
  62  7:03  Baneling  
  62  7:04  Baneling  
  62  7:09  Evolution Chamber  
  62  7:14  Baneling x2  
  62  7:22  Drone  
  62  7:23  Drone  
  62  7:27  Queen  
  62  7:29  Overlord x2  
  65  7:32  Zergling x10  
  70  7:42  Zergling x6  
  73  7:45  Zerg Melee Weapons Level 1  
  73  7:52  Drone x3  
  66  8:11  Zergling x10  
  66  8:12  Zergling x8  
  75  8:24  Zergling x2  
  75  8:25  Zergling x10  
  81  8:50  Extractor  
  81  8:51  Drone x3  
  81  8:52  Drone x4, Extractor  
  81  8:53  Drone  
  75  9:55  Drone x4  
  75  9:56  Drone x8  
Tags
 
League
Gold
Matchup
ZvZ
Race
Zerg
Spawn Locations
Cross Positions
Add a new tag
Caveats
  • Supply blocks, unpowered buildings, or Contaminate may cause inaccurate times.
  • Supply counts are checked every 10 seconds.